 Dungeon Crawl Stone Soup version 0.21-a0-238-geb0acef (webtiles) character file.

238 Monsterracer the Ruffian (level 5, -1/40 HPs)
             Began as a Draconian Transmuter on Sept 2, 2017.
             Was a Follower of Wu Jian.
             Killed by divine providence
             ... invoked by an orc priest
              (16 damage)
             ... on level 4 of the Dungeon.
             The game lasted 00:05:17 (3298 turns).

Monsterracer the Ruffian (Draconian Transmuter)     Turns: 3298, Time: 00:05:18

Health: -1/40      AC:  6    Str: 13    XL:     5   Next: 78%
Magic:  8/8        EV: 12    Int: 14    God:    Wu Jian [*.....]
Gold:   123        SH:  0    Dex: 11    Spells: 3/8 levels left

rFire    . . .     SeeInvis .     - Unarmed
rCold    . . .     Gourm    .   (no shield)
rNeg     . . .     Faith    +   (armour unavailable)
rPois    .         Spirit   .   (helmet restricted)
rElec    .         Reflect  .   (no cloak)
rCorr    +         Harm     .   g - +0 pair of gloves
MR       .....                  (no boots)
Stlth    +.........             f - amulet of faith
HPRegen  0.13/turn              h - ring of resist corrosion
MPRegen  0.11/turn              (no ring)

@: confused
A: unfitting armour, cold-blooded, AC +5
a: Renounce Religion


You were on level 4 of the Dungeon.
You worshipped Wu Jian.
Wu Jian was aware of your devotion.
You were not hungry.

You visited 1 branch of the dungeon, and saw 4 of its levels.

You collected 123 gold pieces.

Inventory:

Missiles
 a - 30 arrows
Armour
 g - a +0 pair of gloves (worn)
Jewellery
 f - an amulet of faith (around neck)
 h - a ring of resist corrosion (left hand)
Wands
 n - a wand of iceblast (15/15)
Scrolls
 d - 7 scrolls of amnesia
 o - a scroll of fog
Potions
 j - 2 potions of heal wounds
 l - 4 potions of haste
 p - a potion of flight {unknown}
 r - a potion of degeneration {unknown}
Books
 b - a book of Changes

   Spells                             Type                      Level
   a - Beastly Appendage              Transmutation                1
   b - Sticks to Snakes               Transmutation                2
   c - Spider Form                    Transmutation/Poison         3
   d - Ice Form                       Ice/Transmutation            4
   e - Blade Hands                    Transmutation                5
Comestibles
 c - 3 bread rations
 i - 3 royal jellies
 k - 2 meat rations
 m - 4 fruits


   Skills:
 - Level 1.1 Fighting
 - Level 1.7 Dodging
 + Level 5.0 Unarmed Combat
 - Level 2.0 Spellcasting
 + Level 4.5 Transmutations


You had 3 spell levels left.
You knew the following spells:

 Your Spells              Type           Power        Failure   Level  Hunger
b - Sticks to Snakes      Tmut           ##......     5%          2    ###....
c - Spider Form           Tmut/Pois      #.........   28%         3    ####...


Dungeon Overview and Level Annotations

Branches:
Dungeon (4/15)
 Temple: D:4-7

Altars:
Hepliaklqana
Qazlal
Wu Jian
Xom


Innate Abilities, Weirdness & Mutations

Your plain brown scales are hard. (AC +5)
You cannot fit into any form of body armour.
You are cold-blooded and may be slowed by cold attacks.


Message History

Unknown command.
You are confused.
You feel invigorated. Something hits you.
* * * LOW HITPOINT WARNING * * *
Unknown command.
Unknown command.
You bump into the rock wall.
Something hits you.
* * * LOW HITPOINT WARNING * * *
Something hits you but does no damage.
Unknown command.
You bump into the rock wall.
You're too confused to move!
Something hits you.
* * * LOW HITPOINT WARNING * * *
Something hits you but does no damage.
Unknown command.
You bump into the rock wall.
Something hits you. The orc hits you with a flail.
* * * LOW HITPOINT WARNING * * *
The orc priest mumbles some strange prayers to Beogh against you.
Beogh smites you!
You die...

#.# #.# ##.######
#.......# ##...###.#
####.###.....#
#...........##
#.###.##.#####.##
#.?..{@..# #.#
######o#### #.#
#.......# ##'##
#.####o.# ##...## #
##..# ##.....##
#.###...# ##.......##
####.#....[###.........#
.............'.........+
#####....####.........#


You could see an orc priest and an orc.

Vanquished Creatures
  A scorpion (D:4)
  A howler monkey (D:4)
  An iguana (D:4)
  3 gnolls (D:4)
  An ooze (D:1)
  A worm (D:2)
  2 dart slugs (D:2)
  5 leopard geckos
  An orc (D:4)
  2 giant cockroaches
  8 goblins
  9 hobgoblins
  6 jackals
  6 kobolds
  A quokka (D:3)
  9 bats
  2 frilled lizards (D:3)
  A quokka skeleton (D:4)
  10 rats
70 creatures vanquished.

Vanquished Creatures (collateral kills)
  An adder (D:2)
  A bat (D:2)
  A giant cockroach (D:4)
  A rat (D:2)
4 creatures vanquished.

Grand Total: 74 creatures vanquished

Notes
Turn   | Place    | Note
-------+----------+-------------------------------------------
     0 | D:1      | Monsterracer the Draconian Transmuter began the quest for the Orb.
     0 | D:1      | Reached XP level 1. HP: 16/16 MP: 3/3
   117 | D:1      | HP: 8/16 [hobgoblin/club (1)]
   123 | D:1      | Reached XP level 2. HP: 8/23 MP: 3/5
   127 | D:1      | Learned a level 2 spell: Sticks to Snakes
   241 | D:1      | HP: 11/23 [jackal (1)]
   252 | D:1      | HP: 8/23 [jackal (3)]
   259 | D:1      | HP: 6/23 [leopard gecko (3)]
   634 | D:1      | Reached XP level 3. HP: 28/28 MP: 6/6
   644 | D:1      | Learned a level 3 spell: Spider Form
   692 | D:1      | HP: 12/28 [hobgoblin (3)]
  1276 | D:2      | Found a shimmering altar of Xom.
  1338 | D:2      | Reached skill level 4 in Unarmed Combat
  1599 | D:2      | Reached XP level 4. HP: 35/35 MP: 7/7
  1621 | D:2      | Found a hazy altar of Hepliaklqana.
  1700 | D:3      | Found an ornate altar of the Wu Jian Council.
  1753 | D:3      | Became a worshipper of the Wu Jian Council
  2210 | D:3      | Found a stormy altar of Qazlal.
  2624 | D:4      | Reached * piety under Wu Jian
  2663 | D:4      | Reached XP level 5. HP: 27/40 MP: 4/8
  2686 | D:4      | HP: 20/40 [poisoned by a scorpion]
  2894 | D:4      | HP: 18/40 [howler monkey (4)]
  2898 | D:4      | Reached skill level 5 in Unarmed Combat
  3277 | D:4      | HP: 14/40 [something/puff of frost (13)]
  3283 | D:4      | HP: 11/40 [something/magic dart (4)]
  3293 | D:4      | HP: 11/40 [something (1)]
  3298 | D:4      | HP: 15/40 [orc/flail (6)]
  3298 | D:4      | Killed from afar by an orc priest

Vault maps used:
D:1:      lemuel_arrival_muddy, hangedman_decor_growths, st_stairs_14
D:2:      marbit_many_paths, xom_teletrap_fun
D:3:      lemuel_doored_altar, overflow_temple_1_default, minivault_26,
          st_stairs_12, minivault_26
D:4:      minmay_temple_entry_poolview, st_stairs_3

Skill      XL: |  1  2  3  4  5 |
---------------+----------------+-----
Transmutations | 3 4 |  4.5
Unarmed Combat | 4 5 |  5.0
Fighting       | |  1.1
Dodging        | |  1.7
Spellcasting   | |  2.0

Action                   |  1- 3 |  4- 6 || total
-------------------------+-------+-------++-------
Melee: Unarmed           |   164 |   100 ||   264
       Headbutt          |     3 |       ||     3
       Tailslap          |     8 |     3 ||    11
       Punch             |       |     1 ||     1
 Cast: Beastly Appendage |     4 |       ||     4
       Spider Form       |     2 |     4 ||     6
       Sticks to Snakes  |     1 |     1 ||     2
  Use: Scroll            |     1 |    11 ||    12
       Potion            |       |     1 ||     1
 Stab: Sleeping          |       |     3 ||     3
  Eat: Chunk             |     3 |     6 ||     9
Armor: Skin              |    66 |    19 ||    85
Dodge: Dodged            |   135 |    71 ||   206

Table legend:
 A = Spawn XP
 B = Non-spawn XP
 C = Spawn XP percentage of total XP
 D = Spawn monster count
 E = Non-spawn monster count
 F = Spawn count percentage of total count
 G = Total turns spent on level
                    A         B        C        D         E        F      G
               +---------+---------+-------+---------+---------+-------+---------
         Total |       5 |     336 |   1.5 |       4 |      70 |   5.4 |  3298
               +---------+---------+-------+---------+---------+-------+---------
           D:1 |       3 |      53 |   5.4 |       2 |      27 |   6.9 |  1143
           D:2 |       0 |      47 |   0.0 |       0 |      21 |   0.0 |   537
           D:3 |       0 |      21 |   0.0 |       0 |      14 |   0.0 |   863
           D:4 |       2 |     215 |   0.9 |       2 |       8 |  20.0 |   755
               +---------+---------+-------+---------+---------+-------+---------
